 Dungeon Crawl Stone Soup version 0.30-a0-760-g5a9884bb7c (webtiles) character file.

Game seed: 16547345599248818960

43 Dittersdorf the Shield-Bearer (level 3, -2/24 HPs)
             Began as a Gargoyle Fighter on Feb 10, 2023.
             Slain by Terence
             ... wielding a +0 morningstar
              (5 damage)
             ... on level 2 of the Dungeon.
             The game lasted 00:01:11 (1216 turns).

Dittersdorf the Shield-Bearer (Gargoyle Fighter)    Turns: 1216, Time: 00:01:11

Health: -2/24      AC: 12    Str: 21    XL:     3   Next: 58%
Magic:  3/3        EV:  7    Int:  8    God:
Gold:   58         SH:  4    Dex:  9    Spells: 2/2 levels left

rFire   . . .      SeeInvis .    a - +0 flail
rCold   . . .      Faith    .    c - +0 buckler
rNeg    + . .      Spirit   .    g - +0 chain mail
rPois   ∞          Reflect  .    (no helmet)
rElec   +          Harm     .    (no cloak)
rCorr   .          Rampage  .    (no gloves)
Will    .....                    (no boots) Stlth
                                 (no amulet)
HPRegen 0.24/turn                (no ring)
MPRegen 0.08/turn                (no ring)

@: mighty
A: sickness immunity, AC +3, negative energy resistance 1, electricity
resistance, torment resistance 1, petrification resistance
a: no special abilities


You were on level 2 of the Dungeon.
You visited 1 branch of the dungeon, and saw 2 of its levels.

You collected 58 gold pieces.

Inventory:

Hand Weapons
 a - a +0 flail (weapon)
Armour
 c - a +0 buckler (worn)
 g - a +0 chain mail (worn)
Jewellery
 b - a ring of fire
Scrolls
 f - a scroll of amnesia {unknown}
 h - 3 scrolls of teleportation {unknown}
 i - a scroll of identify {unknown}
Potions
 e - a potion of heal wounds {unknown}
 j - a potion of degeneration {unknown}


   Skills:
 + Level 3.7 Fighting
 + Level 2.5 Maces & Flails
 + Level 3.7 Armour
 + Level 3.7 Shields


You had 2 spell levels left.
You didn't know any spells.
Your spell library contained the following spells:

 Spells                   Type           Power      Damage    Failure   Level
 Lesser Beckoning         Tloc           0%         N/A       100%        2
 Gell's Gravitas          Tloc           0%         N/A       100%        3
 Teleport Other           Tloc           0%         N/A       100%        3


Dungeon Overview and Level Annotations

Branches:
Dungeon (2/15)

Altars:

Annotations:
D:2 Terence


Innate Abilities, Weirdness & Mutations

You are immune to sickness and miasma.
Your stone body is resilient. (AC +3)
You are immune to poison.
You resist negative energy. (rN+)
You are resistant to electric shocks. (rElec)
You are resistant to unholy torment.
You are immune to petrification.


Message History

Terence hits you but does no damage. Terence barely misses you.
You hit Terence.
Terence is moderately wounded.
Terence looks scornfully at you. Terence hits you but does no damage.
You sock Terence!
Terence is almost dead.
Terence closely misses you.
You hit Terence but do no damage.
Terence is almost dead.
Terence drinks a potion.
Terence is healed!
You hit Terence but do no damage.
Terence is heavily wounded.
Terence hits you with a +0 morningstar! Terence hits you with a +0 morningstar.
* * * LOW HITPOINT WARNING * * *
You are too injured to fight recklessly!
You are too injured to fight recklessly!
You are too injured to fight recklessly!
You are too injured to fight recklessly!
You are too injured to fight recklessly!
You are too injured to fight recklessly!
You are too injured to fight recklessly!
You are too injured to fight recklessly!
You are too injured to fight recklessly!
You are too injured to fight recklessly!
You are too injured to fight recklessly!
You are too injured to fight recklessly!
You are too injured to fight recklessly!
You are too injured to fight recklessly!
You are too injured to fight recklessly!
You are too injured to fight recklessly!
You feel very mighty all of a sudden. Terence barely misses you.
You closely miss Terence.
Terence is heavily wounded.
You block Terence's attack.
You sock Terence!
Terence is almost dead.
Terence barely misses you. Terence hits you with a +0 morningstar.
You die...

#......# ##.......
##......####........
#..........'.......†
#......>####........
#......## ##.......
##...### ##.....#
##.## ##...## #.#
##+## #@# #@# .B.
#...# #...# .....
..... .......


You could see Terence and a giant cockroach.

Vanquished Creatures
  A worm (D:2)
  A dart slug (D:1)
  4 bats (D:1)
  4 endoplasms
  A giant cockroach (D:1)
  4 goblins (D:1)
  3 hobgoblins (D:1)
  4 jackals (D:1)
  4 ball pythons
  A frilled lizard (D:1)
  2 kobolds
  5 rats
34 creatures vanquished.

Notes
Turn   | Place    | Note
-------+----------+-------------------------------------------
     0 | D:1      | Dittersdorf the Gargoyle Fighter began the quest for the
                  | Orb.
     0 | D:1      | Reached XP level 1. HP: 14/14 MP: 1/1
   116 | D:1      | Found a faded altar of an unknown god.
   149 | D:1      | Reached XP level 2. HP: 19/19 MP: 2/2
   571 | D:1      | Reached XP level 3. HP: 22/23 MP: 3/3
  1202 | D:2      | Noticed Terence
  1216 | D:2      | Slain by Terence

Illustrated notes

Levels and vault maps discovered:
D:1:      tarquinn_simple_flora_water_a, layout_basic, basic_ecumenical_altar,
          patterned_corridor
D:2:      layout_loops_corners, serial_undead, serial_undead_a, serial_undead_e,
          serial_undead_c, serial_undead_f, uniq_terence

Action                     || total
---------------------------++-------
  Melee: Flail             ||   122
    Use: Potion            ||     1
 Armour: Scale mail        ||    30
         Chain mail        ||    36
  Dodge: Dodged            ||    68
  Block: Buckler           ||    18

Table legend: (Time is in decaauts)
 A = Elapsed time spent in this place.
 B = Non-inter-level travel time spent in this place.
 C = Inter-level travel time spent in this place.
 D = Time resting spent in this place.
 E = Time spent auto-exploring this place.
 F = Levels seen in this place.
 G = Mean time per level.
                   A        B        C        D        E       F      G
               +--------+--------+--------+--------+--------+-----+--------+
         Total |   1258 |   1190 |     68 |      0 |    921 |   2 |  629.0 |
       Dungeon |   1258 |   1190 |     68 |      0 |    921 |   2 |  629.0 |
               +--------+--------+--------+--------+--------+-----+--------+

Top non-repeatable levels by time:
     D:1: 1102 daAuts
     D:2: 155 daAuts
